 Dungeon Crawl Stone Soup version 0.26-a0-682-g294304f6e8 (webtiles) character file.

Game seed: 3666850014817497086

0 Chiseanne the Sneak (level 1, -4/11 HPs)
             Began as a Spriggan Delver on Oct 20, 2020.
             Slain by a worker ant (5 damage)
             ... on level 4 of the Dungeon.
             The game lasted 00:01:02 (265 turns).

Chiseanne the Sneak (Spriggan Delver)                Turns: 265, Time: 00:01:02

Health: -4/11      AC:  2    Str:  8    XL:     1   Next: 8%
Magic:  2/2        EV: 18    Int: 11    God:
Gold:   0          SH:  0    Dex: 17    Spells: 0/0 levels left

rFire    . . .     SeeInvis +   a - +0 short sword
rCold    . . .     Faith    .   (shield restricted)
rNeg     . . .     Spirit   .   b - +0 robe
rPois    .         Reflect  .   (helmet restricted)
rElec    .         Harm     .   (no cloak)
rCorr    .         Rampage  .   (gloves unavailable)
MR       .....                  (boots unavailable)
Stlth    ++++......             (no amulet)
HPRegen  0.03/turn              (no ring)
MPRegen  0.08/turn              (no ring)

@: very quick
A: very small, unfitting armour, see invisible, speed 3
a: no special abilities


You were on level 4 of the Dungeon.
You visited 1 branch of the dungeon, and saw 2 of its levels.

Inventory:

Hand Weapons
 a - a +0 short sword (weapon)
Missiles
 h - 30 stones (quivered)
Armour
 b - a +0 robe (worn)
Wands
 g - a wand of digging (3)
Scrolls
 c - a scroll of fog
 d - a scroll of magic mapping
 e - a scroll of fear
 i - a scroll of identify {unknown}
Potions
 f - a potion of haste
 j - a potion of cancellation {unknown}


   Skills:
 - Level 2.4 Fighting
 + Level 2.2 Short Blades
 * Level 3.0 Dodging
 * Level 7.2 Stealth


You couldn't memorise any spells.
You didn't know any spells.
Your spell library contained the following spells:

 Spells                   Type           Power        Failure   Level
 Corona                   Hex            #......      34%         1
 Foxfire                  Conj/Fire      #...         34%         1
 Ensorcelled Hibernation  Hex/Ice        #.....       47%         2
 Confusing Touch          Hex            #.......     71%         3
 Conjure Flame            Conj/Fire      #.......     71%         3
 Dazzling Flash           Conj/Hex       #.....       71%         3
 Inner Flame              Hex/Fire       #.......     71%         3
 Tukima's Dance           Hex            #.......     71%         3
 Sticky Flame             Conj/Fire      #.......     98%         4
 Fireball                 Conj/Fire      #.........   100%        5


Dungeon Overview and Level Annotations

Branches:
Dungeon (5/15)
 Temple: D:4-7

Altars:
Gozag


Innate Abilities, Weirdness & Mutations

You are very small and have problems with some larger weapons.
You are too small for most types of armour.
You have supernaturally acute eyesight. (SInv)
You cover ground extremely quickly.


Message History

The worker ant is lightly wounded.
The worker ant misses you.
You hit the worker ant.
The worker ant is lightly wounded.
The worker ant closely misses you.
You closely miss the worker ant.
The worker ant is lightly wounded.
The worker ant barely misses you.
You hit the worker ant but do no damage.
The worker ant is lightly wounded.
The worker ant misses you. x2
You completely miss the worker ant.
The worker ant is lightly wounded.
The worker ant bites you.
Ouch! That really hurt!
* * * LOW HITPOINT WARNING * * *
You barely miss the worker ant.
The worker ant is lightly wounded.
The worker ant bites you.
You die...

#####.##.'_'...#
#.....†..#'##.##
#.###.#....# #.#
#.#.####
##(###.#.#
#......#.#
#..#####.#
#..#.###.#
#.@...##.#
#.B......+
#......####
#...#.## #...###
##.## #. #.


You could see a worker ant.

Vanquished Creatures
  A ball python (D:4)
1 creature vanquished.

Notes
Turn   | Place    | Note
-------+----------+-------------------------------------------
     0 | D:5      | Chiseanne the Spriggan Delver began the quest for the Orb.
     0 | D:5      | Reached XP level 1. HP: 11/11 MP: 2/2
     2 | D:5      | Noticed an orc priest
     2 | D:5      | Noticed an orc wizard
   119 | D:4      | Found an opulent altar of Gozag.
   123 | D:4      | Noticed a worker ant
   255 | D:4      | Noticed a worker ant
   265 | D:4      | Slain by a worker ant

Illustrated notes

Levels and vault maps discovered:
D:4:      layout_loops_corners, kennysheep_mini, vehumet_statue,
          lightli_sewer_entry_pipes, st_stairs_6, minmay_goblin_kobold_house
D:5:      black_bear_nest_2, layout_basic, nicolae_overflow_crystal_walls,
          okawaru_ov_weapons_minmay

Action                   || total
-------------------------++-------
Melee: Short sword       ||    16
Armor: Robe              ||     1
Dodge: Dodged            ||    21

Table legend: (Time is in decaauts)
 A = Elapsed time spent in this place.
 B = Non-inter-level travel time spent in this place.
 C = Inter-level travel time spent in this place.
 D = Time resting spent in this place.
 E = Time spent auto-exploring this place.
 F = Levels seen in this place.
 G = Mean time per level.
                   A        B        C        D        E       F      G
               +--------+--------+--------+--------+--------+-----+--------+
         Total |    213 |    213 |      0 |    111 |      0 |   2 |  106.5 |
       Dungeon |    213 |    213 |      0 |    111 |      0 |   2 |  106.5 |
               +--------+--------+--------+--------+--------+-----+--------+

Top non-repeatable levels by time:
     D:4: 145 daAuts
     D:5: 68 daAuts
